AoeStats
← Bill Flounder

Scandinavia

510393308Analyzed
1v1 RM · 1d ago on Sep 30, 2026· 49m 37s· 2 players
Game mode
Random Map
Map size
Tiny (2 player)
Population
200
Speed
Normal
Resources
Standard
Victory
Conquest
Starting age
Dark Age
Ending age
Imperial Age
RankedLock teamsTeams togetherTeam positionsShared explorationLock speedFull tech treeHidden civsTurbo modeCheats
Victory
Defeat
🇳🇿 Malay · New Zealand
1291
+16
🇦🇷 Teutons · Argentina
1289
-16
PEPERINOPOMORO
7:16 Loom
7:22 Loom
10:33 Feudal Age
11:04 Double-Bit Axe
11:14 Man-at-Arms
11:44 Arson
13:01 Wheelbarrow
16:44 Horse Collar
17:41 Forging
18:11 Gold Mining
23:22 Castle Age
21:31 Stone Mining
21:51 Scale Mail Armor
24:44 Iron Casting
24:02 Fletching
24:19 Gambesons
24:36 Squires
23:57 Long Swordsman
24:54 Chain Mail Armor
25:43 Hand Cart
29:26 Heavy Plow
30:06 Bow Saw
34:01 Stone Shaft Mining
36:57 Scale Barding Armor
40:25 Imperial Age
38:20 Bloodlines
38:32 Elite Skirmisher
39:08 Bodkin Arrow
39:14 Padded Archer Armor
41:30 Leather Archer Armor
41:36 Chain Barding Armor
41:47 Plate Mail Armor
41:41 Cavalier
43:26 Ring Archer Armor
43:41 Crop Rotation
45:43 Ballistics
46:24 Chemistry
49:51 Blast Furnace
48:20 Onager
Bill Flounder
5:05 Loom
10:40 Feudal Age
10:30 Double-Bit Axe
11:44 Town Watch
17:52 Fletching
22:40 Castle Age
21:16 Stone Mining
21:24 Fishing Lines
24:57 Wheelbarrow
26:03 Bodkin Arrow
27:06 Scale Barding Armor
27:12 Forging
28:19 Padded Archer Armor
28:24 Crossbowman
30:24 Masonry
31:56 Ballistics
32:56 Leather Archer Armor
35:46 Imperial Age
33:49 Treadmill Crane
36:46 Chemistry
39:22 Careening
39:27 Gold Mining
39:56 Bracer
41:28 Arbalester
45:04 Iron Casting
45:43 Pikeman
Connection lost

Rejoining the realm…

Still unreachable

The connection could not be restored.

Session expired

The server has moved on; the page needs a fresh start.